AoeStats
← Fluvialgeomorphologist

QS Arena

503548220Analyzed
4v4 RM · 1mo ago on Sep 1, 2026· 39m 47s· 8 players
Game mode
Random Map
Map size
Large (8 player)
Population
200
Speed
Normal
Resources
Standard
Victory
Conquest
Starting age
Dark Age
Ending age
Imperial Age
RankedLock teamsTeams togetherTeam positionsShared explorationLock speedFull tech treeHidden civsTurbo modeCheats
Victory
Defeat
1011
+11
🇨🇳 Franks · China
952
+13
🇮🇩 Teutons · Indonesia
930
+14
🇺🇸 Malians · United States
911
+15
🇺🇸 Sicilians · United States
975
-17
🇲🇽 Mongols · Mexico
878
-13
🇨🇳 Bohemians · China
855
-12
🇺🇸 Turks · United States
854
-12
Great Gali Djowo
8:27 Feudal Age
8:06 Loom
13:14 Castle Age
12:29 Double-Bit Axe
13:02 Horse Collar
16:14 Stone Mining
23:46 Bow Saw
27:54 Imperial Age
26:01 Wheelbarrow
25:12 Town Watch
25:46 Heavy Plow
25:54 Gold Mining
26:47 Stone Shaft Mining
26:43 Forging
26:24 Fletching
27:40 Hand Cart
28:04 Iron Casting
27:07 Man-at-Arms
27:32 Gambesons
27:50 Squires
27:36 Arson
27:12 Pikeman
27:54 Long Swordsman
28:36 Scale Mail Armor
28:32 Bodkin Arrow
29:01 Crenellations
29:05 Conscription
28:54 Two-Handed Swordsman
29:04 Elite Skirmisher
30:45 Blast Furnace
29:46 Padded Archer Armor
29:57 Champion
31:14 Crop Rotation
31:45 Halberdier
33:09 Chain Mail Armor
34:42 Chemistry
34:08 Ballistics
34:00 Fortified Wall
35:19 Hoardings
高价回收北京御姐
0:28 Loom
8:08 Feudal Age
12:41 Castle Age
24:26 Fortified Wall
24:27 Masonry
25:21 Double-Bit Axe
25:39 Horse Collar
28:16 Wagenburg Tactics
32:03 Imperial Age
30:47 Treadmill Crane
31:37 Forging
35:30 Conscription
36:49 Heavy Plow
37:26 Wheelbarrow
36:37 Pikeman
37:17 Squires
37:19 Scale Mail Armor
Fluvialgeomorphologist
9:22 Feudal Age
7:37 Loom
10:20 Double-Bit Axe
13:13 Castle Age
10:58 Horse Collar
13:17 Stone Mining
14:07 Heavy Plow
19:28 Gold Mining
20:27 Bow Saw
26:16 Imperial Age
24:25 Wheelbarrow
24:34 Husbandry
24:44 Bloodlines
24:48 Forging
24:44 Scale Barding Armor
24:43 Man-at-Arms
25:24 Squires
25:50 Hand Cart
26:15 Light Cavalry
27:10 Farimba
27:23 Cavalier
28:52 Crop Rotation
29:13 Iron Casting
30:32 Gold Shaft Mining
29:29 Capped Ram
29:49 Long Swordsman
30:36 Scale Mail Armor
30:53 Light Cavalry
31:07 Two-Handed Swordsman
32:31 Chain Barding Armor
35:56 Conscription
36:43 Champion
薛之谦
8:41 Feudal Age
13:19 Castle Age
11:45 Double-Bit Axe
19:07 Bow Saw
21:31 Wheelbarrow
21:28 Loom
21:28 Town Watch
22:35 Husbandry
22:42 Town Patrol
22:37 Gold Mining
23:41 Hand Cart
23:53 Hand Cart
27:51 Imperial Age
26:43 Gold Shaft Mining
26:00 Stone Mining
27:00 Forging
26:55 Scale Barding Armor
28:25 Iron Casting
28:07 Cavalier
29:10 Conscription
28:52 Chivalry
28:34 Light Cavalry
29:33 Murder Holes
30:02 Chain Barding Armor
30:25 Paladin
32:06 Hoardings
32:24 Hoardings
33:48 Plate Barding Armor
34:14 Blast Furnace
35:40 Elite Skirmisher
37:40 Fletching
37:51 Padded Archer Armor
40:28 Fortified Wall
40:38 Ballistics
41:19 Chemistry
40:31 Masonry
40:07 Arrowslits
SUMC_月月
10:24 Feudal Age
11:49 Wheelbarrow
15:40 Castle Age
13:41 Double-Bit Axe
13:39 Horse Collar
19:57 Hand Cart
20:19 Heavy Plow
20:32 Bow Saw
26:39 Caravan
28:53 Wagenburg Tactics
32:15 Imperial Age
31:21 Chemistry
30:51 Ballistics
30:44 Fletching
31:46 Town Watch
32:20 Elite Hussite Wagon
33:25 Town Patrol
33:52 Guilds
35:24 Bodkin Arrow
38:26 Bracer
38:26 Padded Archer Armor
39:35 Two-Man Saw
38:54 Crossbowman
Hannibal
0:50 Loom
8:39 Feudal Age
15:27 Castle Age
13:55 Horse Collar
20:23 Fletching
26:59 Imperial Age
30:59 Bombard Tower
34:44 Bodkin Arrow
34:47 Murder Holes
38:09 Forging
Shido Khan
2:37 Loom
7:31 Feudal Age
17:28 Castle Age
15:40 Horse Collar
16:08 Double-Bit Axe
17:03 Bloodlines
20:29 Scale Barding Armor
25:17 Caravan
28:19 Herbal Medicine
32:06 Imperial Age
30:00 Ballistics
30:08 Heavy Plow
30:24 Bow Saw
31:19 Fletching
31:29 Padded Archer Armor
31:20 Fletching
31:30 Padded Archer Armor
31:35 Husbandry
31:58 Bodkin Arrow
33:53 Wheelbarrow
33:48 Leather Archer Armor
34:30 Bracer
35:36 Chemistry
35:05 Conscription
35:26 Parthian Tactics
35:20 Thumb Ring
35:59 Elite Mangudai
37:04 Light Cavalry
IcyParrot4981
5:12 Loom
10:04 Feudal Age
13:17 Double-Bit Axe
15:57 Castle Age
14:14 Horse Collar
14:46 Gold Mining
16:06 Wheelbarrow
20:01 Bow Saw
20:25 Stone Mining
21:19 Herbal Medicine
22:34 Hand Cart
23:36 Ballistics
24:51 Squires
24:36 Arson
26:33 Stone Shaft Mining
26:33 Gold Shaft Mining
26:40 Gold Shaft Mining
27:24 First Crusade
27:18 Scale Mail Armor
27:39 Heavy Plow
29:31 Chain Mail Armor
32:17 Imperial Age
30:06 Fletching
30:15 Town Watch
31:04 Bodkin Arrow
32:40 Forging
33:43 Plate Mail Armor
33:23 Elite Serjeant
34:41 Iron Casting
34:45 Bracer
Connection lost

Rejoining the realm…

Still unreachable

The connection could not be restored.

Session expired

The server has moved on; the page needs a fresh start.